 Dungeon Crawl Stone Soup version 0.19.3-1-g3169bf9 (webtiles) character file.

2739 nikopol the Skirmisher (level 9, -1/85 HPs)
             Began as a Gargoyle Berserker on Jan 25, 2017.
             Was an Elder of Trog.
             Slain by a komodo dragon (10 damage)
             ... on level 6 of the Dungeon.
             The game lasted 00:15:16 (7061 turns).

nikopol the Skirmisher (Gargoyle Berserker)         Turns: 7061, Time: 00:15:16

Health: -1/85      AC: 20    Str: 26    XL:     9   Next: 68%
Magic:  9/9        EV: 10    Int:  9    God:    Trog [****..]
Gold:   243        SH:  0    Dex: 11    Spells: 0 memorised, 8 levels left

rFire  . . .     SeeInvis .     a - +0 war axe (chop)
rCold  . . .     Gourm    .     r - +0 chain mail
rNeg   + . .     Faith    .     (no shield)
rPois  ∞         Spirit   .     x - +0 helmet
rElec  +         Reflect  .     v - +2 cloak
rCorr  .         Harm     .     (no gloves)
MR     .....                    (no boots)
Stlth  ..........               (no amulet)
                                (no ring)
                                (no ring)

@: berserking, very quick
A: negative energy resistance 1, electricity resistance, unbreathing,
petrification resistance, rot immunity, AC +5
a: Berserk, Trog's Hand, Brothers in Arms, Burn Spellbooks, Renounce Religion


You were on level 6 of the Dungeon.
You worshipped Trog.
Trog was greatly pleased with you.
You were very hungry.

You visited 1 branch of the dungeon, and saw 8 of its levels.

You collected 423 gold pieces.
You spent 180 gold pieces at shops.

Inventory:

Hand Weapons
 a - a +0 war axe of chopping (weapon)
 y - a +0 hand axe
 z - a +0 shortbow
 D - a +0 war axe
Missiles
 e - 51 arrows (quivered)
Armour
 b - a +0 animal skin
 d - a +0 leather armour
 r - a +0 chain mail (worn)
 v - a +2 cloak (worn)
 x - a +0 helmet (worn)
Jewellery
 E - an uncursed amulet of rage {unknown}
 K - an uncursed amulet of rage {unknown}
Wands
 u - a wand of lightning (6/15)
Scrolls
 g - 5 scrolls of teleportation {unknown}
 j - 8 scrolls of identify {unknown}
 l - a scroll of fog {unknown}
 n - 2 scrolls of enchant weapon {unknown}
 o - a scroll of enchant armour {unknown}
 q - 6 scrolls of remove curse {unknown}
 s - 2 scrolls of amnesia {unknown}
 t - 2 scrolls of noise {unknown}
 A - 2 scrolls of fear {unknown}
 B - 4 scrolls of immolation {unknown}
 H - a scroll of blinking {unknown}
 I - a scroll of magic mapping {unknown}
 J - a scroll of recharging {unknown}
Potions
 h - 2 potions of beneficial mutation {unknown}
 k - 4 potions of lignification {unknown}
 m - 2 potions of might {unknown}
 p - a potion of flight {unknown}
 C - 4 potions of curing {unknown}
Comestibles
 c - 4 bread rations
 f - 2 meat rations
 i - 3 slices of pizza
 w - 5 fruits
 F - a beef jerky
 G - 8 chunks of flesh


   Skills:
 + Level 7.2 Fighting
 * Level 7.0 Axes
 * Level 5.0 Bows
 + Level 6.0 Armour
 + Level 4.6 Dodging


You had 8 spell levels left.
You didn't know any spells.

Dungeon Overview and Level Annotations

Branches:
Dungeon (8/15)             Temple (0/1) D:5
   Lair: D:8-11

Altars:
Dithmenos
Gozag
Makhleb
Okawaru
Qazlal
Trog
Vehumet
Xom

Shops:
D:5 (


Innate Abilities, Weirdness & Mutations

You are resistant to torment.
Your stone body is resilient. (AC +5)
You are immune to poison.
You resist negative energy. (rN+)
You are resistant to electric shocks. (rElec)
You can survive without breathing.
You are immune to petrification.
You are immune to rotting.


Message History

You climb upwards.
The worker ant twitches its antennae in your direction.
There is a stone staircase leading down here.
A red film seems to cover your vision as you go berserk!
You feel yourself moving faster!
You feel mighty!
You are feeling very hungry.
The komodo dragon bites you but does no damage.
You closely miss the komodo dragon.
The komodo dragon is lightly wounded.
The komodo dragon bites you!
* * * LOW HITPOINT WARNING * * *
You hit the komodo dragon.
The komodo dragon is moderately wounded.
The komodo dragon bites you!
* * * LOW HITPOINT WARNING * * *
You slash the komodo dragon!
The komodo dragon is severely wounded.
Your chain mail prevents you from hitting the worker ant.
The worker ant misses you. The komodo dragon bites you!
You die...

#######.##..# #.#.# ≈##
#.....# #.#.# .⌠##
###...# #.#.# #.≈##
##....### #.#.#
.⌠..###..#....###.#.#
#≈.≈#...##.##..##.#.#
#...#..###.#...##...##
⌠≈÷###...............##
..≈§##.##......a@.....#
###..).###.......l..(.#
#..≈#...#.............#
#.###.....#..........##
≈#.##.....##...##...##
..#⌠#...<.#######..##
.≈≈.#.....# #..#
..⌠##.....# #).#
..##......# ####..##


You could see a komodo dragon and a worker ant.

Vanquished Creatures
  A troll (D:8)
  Prince Ribbit (D:7)
  Menkaure (D:7)
  The ghost of dscm the Sneak, an amateur OpEE (D:5)
  3 orc warriors (D:7)
  2 ogres
  A necrophage (D:6)
  A centaur (D:5)
  2 crocodiles
  A bullfrog (D:7)
  A scorpion (D:4)
  An oklob sapling (D:5)
  2 bullfrog zombies
  3 crimson imps
  2 orc priests (D:7)
  6 hounds
  A jelly (D:6)
  A gnoll shaman (D:6)
  An orc wizard (D:7)
  A centaur skeleton (D:7)
  5 iguanas
  2 bullfrog skeletons (D:4)
  Ijyb (D:3)
  Terence (D:3)
  5 worker ants
  A hound zombie (D:7)
  6 gnolls
  11 adders
  3 shadow imps
  2 oozes
  2 adder skeletons (D:4)
  3 worms (D:4)
  4 leopard geckos
  13 orcs
  2 ball pythons
  7 giant cockroaches
  8 goblins
  7 hobgoblins
  12 jackals
  5 kobolds
  2 quokkas
  8 bats
  7 frilled lizards
  9 rats
  4 plants (D:5)
163 creatures vanquished.

Notes
Turn   | Place    | Note
-------+----------+-------------------------------------------
     0 | D:1      | nikopol the Gargoyle Berserker began the quest for the Orb.
     0 | D:1      | Reached XP level 1. HP: 14/14 MP: 1/1
   376 | D:1      | Reached XP level 2. HP: 17/19 MP: 2/2
   607 | D:1      | Reached XP level 3. HP: 23/23 MP: 3/3
   663 | D:1      | Reached ** piety under Trog
  1319 | D:2      | Reached XP level 4. HP: 26/29 MP: 4/4
  1914 | D:3      | Noticed Ijyb
  1957 | D:3      | Killed Ijyb
  1974 | D:3      | Reached XP level 5. HP: 19/33 MP: 5/5
  2106 | D:3      | Noticed Terence
  2124 | D:3      | Killed Terence
  2155 | D:3      | Found an iron altar of Okawaru.
  2786 | D:4      | Reached *** piety under Trog
  2786 | D:4      | Reached XP level 6. HP: 35/39 MP: 6/6
  2880 | D:4      | Found a radiant altar of Vehumet.
  2881 | D:4      | Found a burning altar of Makhleb.
  3051 | D:4      | Found a stormy altar of Qazlal.
  3079 | D:4      | Reached skill level 5 in Fighting
  3097 | D:4      | Reached XP level 7. HP: 44/44 MP: 7/7
  3589 | D:5      | Entered Level 5 of the Dungeon
  3589 | D:5      | Found a shadowy altar of Dithmenos.
  3596 | D:5      | Noticed dscm's ghost (amateur OpEE)
  3608 | D:5      | Killed dscm's ghost
  3679 | D:5      | Reached skill level 5 in Axes
  3688 | D:5      | Found a staircase to the Ecumenical Temple.
  3695 | D:5      | Found Opiys's Antique Weapon Shop.
  3708 | D:5      | Bought a glowing war axe for 180 gold pieces
  4035 | D:5      | Reached XP level 8. HP: 43/51 MP: 8/8
  4453 | D:6      | Reached skill level 1 in Bows
  4489 | D:6      | Found a shadowy altar of Dithmenos.
  4490 | D:6      | Reached **** piety under Trog
  4983 | D:6      | Found a shimmering altar of Xom.
  5019 | D:6      | Reached skill level 5 in Armour
  5585 | D:7      | Reached XP level 9. HP: 41/56 MP: 9/9
  5802 | D:7      | Noticed Menkaure
  5809 | D:7      | Killed Menkaure
  6047 | D:7      | Noticed Prince Ribbit
  6290 | D:7      | Killed Prince Ribbit
  6528 | D:7      | Found an opulent altar of Gozag.
  6761 | D:7      | Found a bloodstained altar of Trog.
  6988 | D:8      | Noticed a troll
  6998 | D:8      | Killed a troll
  6998 | D:8      | Reached skill level 5 in Bows
  7024 | D:8      | Noticed a komodo dragon
  7025 | D:8      | Noticed a cyan ugly thing
  7061 | D:6      | Slain by a komodo dragon

Skill      XL: |  1  2  3  4  5  6  7  8  9 |
---------------+----------------------------+-----
Axes           | 3 4 5 6 7 |  7.0
Dodging        | 2 3 4 |  4.6
Fighting       | 4 5 6 7 |  7.2
Armour         | 3 4 5 6 |  6.0
Bows           | 3 5 |  5.0

Action                   |  1- 3 |  4- 6 |  7- 9 || total
-------------------------+-------+-------+-------++-------
Melee: Hand axe          |   156 |   231 |       ||   387
       War axe           |       |    25 |   286 ||   311
 Fire: Shortbow          |       |       |    90 ||    90
Invok: Berserk           |       |     1 |     5 ||     6
       Burn Spellbooks   |       |       |     3 ||     3
  Eat: Chunk             |     2 |     6 |    15 ||    23
       Beef jerky        |       |       |     1 ||     1
Armor: Leather armour    |    63 |    28 |       ||    91
       Chain mail        |       |   136 |   187 ||   323
Dodge: Dodged            |   128 |   130 |   149 ||   407
